 Dungeon Crawl Stone Soup version 0.19-a0-1064-geb5102e (webtiles) character file.

70 Rome the Ducker (level 4, 0/34 HPs)
             Began as a Merfolk Gladiator on Aug 3, 2016.
             Succumbed to an adder's poison
             ... on level 2 of the Dungeon.
             The game lasted 00:14:41 (2575 turns).

Rome the Ducker (Merfolk Gladiator)                 Turns: 2575, Time: 00:14:42

Health: 0/34       AC:  9    Str: 15    XL:     4   Next: 22%
Magic:  4/4        EV:  3    Int: 12    God:
Gold:   86         SH: 11    Dex: 15    Spells: 0 memorised, 3 levels left

rFire  + . .     SeeInvis .     a - +0 long sword
rCold  . . .     Gourm    .     r - +0 chain mail
rNeg   . . .     Faith    .     i - +0 large shield
rPois  .         Spirit   .     f - +0 helmet
rElec  .         Dismiss  .     (no cloak)
rCorr  .         Reflect  .     (no gloves)
SustAt .         Harm     .     (no boots)
MR     .....                    l - amulet of rage
Stlth  ..........               (no ring)
                                g - ring of protection from fire

@: brilliant, lethally poisoned (0 -> -4)
A: change form in water, swift swim
a: Evoke Berserk Rage


You were on level 2 of the Dungeon.
You were not hungry.

You visited 1 branch of the dungeon, and saw 3 of its levels.

You collected 86 gold pieces.

Inventory:

Hand Weapons
 a - a +0 long sword (weapon)
Missiles
 d - 3 throwing nets (quivered)
Armour
 c - a +0 helmet
 f - a +0 helmet (worn)
 i - a +0 large shield (worn)
 r - a +0 chain mail (worn)
Jewellery
 g - a ring of protection from fire (left hand)
 j - an uncursed amulet of dismissal
 l - an amulet of rage (around neck)
Wands
 b - a wand of confusion (27/48)
Scrolls
 e - 3 scrolls of identify {unknown}
 h - a scroll of immolation {unknown}
 k - a scroll of amnesia {unknown}
 n - 2 scrolls of recharging {unknown}
 o - a scroll of magic mapping {unknown}
 p - 3 scrolls of noise {unknown}
 q - a scroll of fear {unknown}
 s - a scroll of random uselessness {unknown}
Potions
 m - a potion of brilliance


   Skills:
 * Level 2.5 Fighting
 + Level 3.7 Long Blades
 + Level 2.0 Throwing
 * Level 1.2 Armour
 + Level 4.7 Dodging
 + Level 1.3 Shields


You had 3 spell levels left.
You didn't know any spells.

Dungeon Overview and Level Annotations

Branches:
Dungeon (3/15)

Altars:
Vehumet

Annotations:
D:3 Rome's ghost, amateur TrBe


Message History

The adder bites you but does no damage.
Found a faded altar of an unknown god.
An adder comes into view.
The adder hisses angrily.
There is a stone staircase leading up here.
You block the adder's attack. You block Rome's ghost's attack.
You block the adder's attack.
You climb upwards.
There is a stone staircase leading down here.
You miss the adder. You block the adder's attack.
You completely miss the adder.
The adder bites you but does no damage. x2
You completely miss the adder. The adder bites you.
* * * LOW HITPOINT WARNING * * *
The adder bites you.
* * * LOW HITPOINT WARNING * * *
You are lethally poisoned!
The adder poisons you!
It was a potion of brilliance.
You feel clever all of a sudden.
You die...

.# #.###### #..###.#######
.###### #.# #..........#
.##...#####.# ##.###.###.#
.#.......)(.#### #.# #.##..###
...............# #.# #.#.#....
............##.# #.# #........
#.......###<##.######.######>####
##......# #.....S........###.# #
##...#.###.....@.........)..# #
##.##.##..##...####........# #
#.##[#.#.##...# ####.##.## #
#.##..###.#...# #.##.# #
####.##.## ##....# ###.##.# #
.....#.## ##...# #...##.# #
####.##.## #.#..# #.####.## #
#.###.###.##..# #.# #...####
#.####.#.# #..# #.# #.#.....


You could see an adder.

Vanquished Creatures
  2 adders (D:2)
  A worm (D:2)
  3 dart slugs
  A giant gecko (D:3)
  An orc (D:3)
  4 giant cockroaches
  5 goblins
  5 hobgoblins
  2 jackals (D:2)
  A quokka (D:2)
  4 bats
  2 giant newts
  7 kobolds
  4 rats
  2 bushes (D:1)
  2 plants (D:1)
46 creatures vanquished.

Notes
Turn   | Place    | Note
-------+----------+-------------------------------------------
     0 | D:1      | Rome the Merfolk Gladiator began the quest for the Orb.
     0 | D:1      | Reached XP level 1. HP: 16/16 MP: 1/1
   502 | D:1      | Reached XP level 2. HP: 10/22 MP: 2/2
  1373 | D:2      | Reached XP level 3. HP: 27/28 MP: 3/3
  2058 | D:2      | Reached skill level 1 in Armour
  2197 | D:2      | Reached skill level 1 in Shields
  2414 | D:2      | Reached XP level 4. HP: 28/34 MP: 4/4
  2513 | D:3      | Found a radiant altar of Vehumet.
  2527 | D:3      | Noticed Rome's ghost (amateur TrBe)
  2567 | D:3      | Found a faded altar of an unknown god.
  2574 | D:2      | HP: 1/34 [adder (3)]
  2575 | D:2      | Succumbed to an adder's poison

Vault maps used:
D:1:      nicolae_arrival_somewhat_less_tricky_arrival, serial_forest,
          infiniplex_forest_clump_small, infiniplex_forest_lined_3,
          infiniplex_forest_straight_5, infiniplex_forest_clump_long,
          infiniplex_forest_end_2, infiniplex_forest_end_3,
          infiniplex_forest_lined_3, infiniplex_forest_fountain,
          infiniplex_forest_lined_3, minivault_4
D:3:      lemuel_doored_altar, gup_sewer_entry_glass, ecumenical_altar_1

Skill      XL: |  1  2  3 |
---------------+----------+-----
Armour         | 1 |  1.2
Shields        | 1 |  1.3
Fighting       | |  2.5
Long Blades    | |  3.7
Throwing       | |  2.0
Dodging        | |  4.7

Action                   |  1- 3 |  4- 6 || total
-------------------------+-------+-------++-------
Melee: Long sword        |   428 |    27 ||   455
Evoke: Wand              |       |     4 ||     4
  Use: Potion            |       |     1 ||     1
 Stab: Sleeping          |     1 |       ||     1
       Confused          |       |     1 ||     1
  Eat: Bread ration      |     1 |       ||     1
       Meat ration       |       |     1 ||     1
Armor: Leather armour    |    19 |       ||    19
       Chain mail        |    22 |    22 ||    44
Dodge: Dodged            |    28 |     3 ||    31
Block: Large shield      |    62 |    27 ||    89
